 Dungeon Crawl Stone Soup version 0.27-a0-1188-g73eefd5def (webtiles) character file.

Game seed: 13027360550259769543

40 DunceCap the Sneak (level 3, 28/28 HPs)
             Began as a Vampire Brigand on May 15, 2021.
             Safely got out of the dungeon.
             The game lasted 00:05:30 (712 turns).

DunceCap the Sneak (Vampire Brigand)                 Turns: 712, Time: 00:05:30

Health: 28/28      AC:  4    Str: 10    XL:     3   Next: 30%
Magic:  3/3        EV: 11    Int: 13    God:
Gold:   61         SH:  0    Dex: 16    Spells: 2/2 levels left

rFire    . . .     SeeInvis +   a - +2 dagger
rCold    . . .     Faith    .   (no shield)
rNeg     . . .     Spirit   .   h - +0 leather armour
rPois    .         Reflect  .   (no helmet)
rElec    .         Harm     .   c - +0 cloak
rCorr    .         Rampage  .   (no gloves)
Will     .....                  (no boots)
Stlth    +++.......             (no amulet)
HPRegen  0.29/turn              (no ring)
MPRegen  0.08/turn              (no ring)

@: healing quickly
A: alive, fangs 3, see invisible, vampiric 2
a: Exsanguinate


You escaped.
You visited 1 branch of the dungeon, and saw 2 of its levels.

You collected 61 gold pieces.

Inventory:

Hand Weapons
 a - a +2 dagger (weapon)
 g - a +0 whip
Missiles
 d - 24 poisoned darts (quivered)
 e - 2 curare-tipped darts
Armour
 b - a +0 robe
 c - a +0 cloak (worn)
 h - a +0 leather armour (worn)
Potions
 f - a potion of lignification {unknown}
 i - 3 potions of curing {unknown}
 j - a potion of haste {unknown}


   Skills:
 + Level 2.4 Fighting
 * Level 3.6 Short Blades
 - Level 1.5 Throwing
 - Level 1.1 Dodging
 - Level 5.8 Stealth


You had 2 spell levels left.
You didn't know any spells.
Your spell library was empty.

Dungeon Overview and Level Annotations

Branches:
Dungeon (2/15)

Altars:


Innate Abilities, Weirdness & Mutations

Your natural rate of healing is accelerated.
You have razor-sharp teeth.
You have supernaturally acute eyesight. (SInv)
You are afflicted with vampirism and can become a bat while bloodless.


Message History

There is a stone staircase leading down here.
You climb downwards.
There is a stone staircase leading up here.
Found an escape hatch in the ceiling.
There is an escape hatch in the ceiling here.
You now have 61 gold pieces (gained 12).
A kobold comes into view. It is wielding a +0 dagger.
Found 8 gold pieces.
A kobold is nearby!
Save game and exit?
Welcome back, DunceCap the Vampire Brigand.
Press ? for a list of commands and other information.
The kobold shouts!
The kobold hits you with a +0 dagger.
You closely miss the kobold. You bite the kobold, but do no damage.
The kobold hits you but does no damage.
There is an escape hatch in the ceiling here.
The kobold hits you but does no damage. A mysterious force pulls you upwards.
The hatch slams shut behind you.
You hit the kobold but do no damage. The kobold barely misses you.
You completely miss the kobold. You barely miss the kobold.
The kobold barely misses you.
You hit the kobold.
The kobold is moderately wounded.
The kobold hits you with a +0 dagger.
You hit the kobold. You bite the kobold.
You kill the kobold!
Things that are here:
a +0 dagger; a kobold corpse
Things that are here:
a +0 dagger; a kobold corpse
There is a staircase leading out of the dungeon here.
Are you sure you want to leave the Dungeon?
This will make you lose the game!
You have escaped!

#...............#
#...........###..
########...........#....
##.....#...........##...#
##.......############.....
#.......##....§§..........
#.......#.....§§§≈≈.......
#.......#....≈≈≈≈≈≈≈......
#.......#@...≈≈(>(≈≈......
#[......#....≈≈≈≈§≈≈..§.#.
##......#.....≈≈≈≈≈..§....
##.....##...............#
#####..############....#
##...........#..##...#
#...........##.###...#
#...........##...#####
#...........##.....# #


There were no monsters in sight!

Vanquished Creatures
  A dart slug (D:1)
  2 ball pythons (D:1)
  A bat (D:1)
  2 endoplasms (D:1)
  A giant cockroach (D:1)
  A hobgoblin (D:1)
  13 jackals (D:1)
  6 kobolds (D:1)
  A goblin (D:1)
  3 rats (D:1)
31 creatures vanquished.

Notes
Turn   | Place    | Note
-------+----------+-------------------------------------------
     0 | D:1      | DunceCap the Vampire Brigand began the quest for the Orb.
     0 | D:1      | Reached XP level 1. HP: 16/16 MP: 1/1
    79 | D:1      | Reached XP level 2. HP: 17/22 MP: 2/2
   379 | D:1      | Gained mutation: You are afflicted with vampirism and can
                  | become a bat while bloodless. [Vampire growth]
   379 | D:1      | Reached XP level 3. HP: 24/27 MP: 3/3
   636 | D:2      | Upgraded the game from 0.27-a0-1158-gaa87e14f67 to
                  | 0.27-a0-1188-g73eefd5def
   712 | D:$      | Safely got out of the dungeon.

Illustrated notes

Levels and vault maps discovered:
D:1:      lemuel_arrival_lava_pool, layout_rooms
D:2:      layout_loops_corners, hellmonk_ecumenical_altar_blasted,
          minmay_misc_feat_cross, kennysheep_path_1,
          hangedman_decor_diamond_cutter, lemuel_old_faithful, uniq_natasha,
          uniq_sigmund

Skill      XL: |  1  2 |
---------------+-------+-----
Fighting       | 2 |  2.4
Short Blades   | 3 |  3.6
Throwing       | |  1.5
Dodging        | |  1.1
Stealth        | |  5.8

Action                   || total
-------------------------++-------
Melee: Dagger            ||    95
       Bite              ||    13
Throw: Dart              ||     5
 Stab: Sleeping          ||     3
Armor: Robe              ||    10
       Leather armour    ||    13
Dodge: Dodged            ||    42

Table legend: (Time is in decaauts)
 A = Elapsed time spent in this place.
 B = Non-inter-level travel time spent in this place.
 C = Inter-level travel time spent in this place.
 D = Time resting spent in this place.
 E = Time spent auto-exploring this place.
 F = Levels seen in this place.
 G = Mean time per level.
                   A        B        C        D        E       F      G
               +--------+--------+--------+--------+--------+-----+--------+
         Total |    697 |    697 |      0 |     32 |    235 |   2 |  348.5 |
       Dungeon |    697 |    697 |      0 |     32 |    235 |   2 |  348.5 |
               +--------+--------+--------+--------+--------+-----+--------+

Top non-repeatable levels by time:
     D:1: 635 daAuts
     D:2: 62 daAuts
